Map: Galactic Process LE

Players

MaSa

  • Race: Terran Terran

Major (SpeCial) - Winner!

  • Race: Terran Terran

Event: 2016 WCS Summer Circuit Championship (DH Montreal)

VOD

Have the link to the VOD?

Description

Time

  • Played on: Aug. 12, 2016, 5:28 p.m.
  • Length: 12:25

All games in this series

Show
View Real Time Build Order
Export as new Build Order

MaSa Terran 

Build Orders:  

Get SALT Encoding   

  12  0:00  SCV  
  13  0:12  SCV  
  14  0:18  Supply Depot  
  14  0:24  SCV  
  15  0:40  Barracks  
  15  0:44  Refinery  
  15  0:55  Barracks  
  15  0:58  SCV  
  16  1:10  SCV  
  17  1:22  SCV  
  18  1:27  Reaper  
  18  1:31  Supply Depot  
  19  1:37  Orbital Command  
  19  1:44  Barracks Tech Lab  
  19  2:00  Marine  
  20  2:01  Refinery  
  20  2:03  Marauder  
  20  2:05  Concussive Shells  
  22  2:09  SCV  
  23  2:17  Marine  
  24  2:23  SCV  
  24  2:24  Marauder  
  27  2:35  SCV  
  28  2:38  Supply Depot  
  28  2:39  Barracks Reactor  
  28  2:46  Marauder  
  29  2:54  SCV  
  29  3:01  Factory  
  29  3:05  Bunker  
  29  3:09  Marauder  
  31  3:17  SCV  
  31  3:29  Marine x2  
  31  3:33  SCV  
  34  3:46  Command Center  
  34  3:50  Factory Tech Lab  
  34  3:52  SCV  
  35  4:00  Marine x2  
  37  4:12  Starport  
  37  4:14  SCV  
  38  4:26  Cyclone, SCV  
  43  4:36  Supply Depot  
  43  4:39  SCV  
  43  4:44  Marine x2  
  36  4:50  Viking  
  36  4:51  SCV  
  37  4:59  Cyclone  
  41  5:07  Orbital Command  
  41  5:11  SCV  
  42  5:21  Viking  
  42  5:24  SCV, Orbital Command  
  45  5:37  Factory Tech Lab, SCV  
  45  5:49  SCV  
  45  5:50  Engineering Bay  
  45  5:53  SCV  
  46  5:58  Raven  
  46  6:01  Siege Tank  
  51  6:04  Marine  
  51  6:08  SCV  
  53  6:13  Marine  
  54  6:19  Missile Turret  
  54  6:20  Refinery  
  55  6:26  Missile Turret  
  55  6:28  SCV  
  57  6:35  Siege Tank  
  57  6:36  SCV  
  59  6:40  SCV  
  55  6:47  Barracks Reactor  
  55  6:48  SCV  
  55  6:52  SCV  
  46  7:00  SCV  
  47  7:04  SCV  
  47  7:07  Siege Tank  
  50  7:12  SCV  
  51  7:16  SCV, Marine, Stimpack  
  51  7:17  Viking  
  55  7:24  Terran Infantry Weapons Level 1, Marine x2, SCV  
  55  7:26  Refinery  
  55  7:28  SCV  
  55  7:29  Viking  
  61  7:33  Supply Depot  
  61  7:35  Supply Depot  
  61  7:37  SCV  
  62  7:39  Marine  
  62  7:40  SCV  
  62  7:42  Marine  
  62  7:43  Marine  
  66  7:50  Viking  
  68  7:52  SCV x2  
  71  7:59  Viking  
  71  8:00  Marine  
  71  8:04  Siege Tank, SCV  
  77  8:06  Marine x2  
  77  8:12  Barracks  
  79  8:14  Supply Depot  
  79  8:17  Supply Depot  
  79  8:18  SCV  
  80  8:22  Marine  
  81  8:28  Viking  
  83  8:34  Viking  
  83  8:37  Marine  
  83  8:40  Supply Depot  
  86  8:46  Siege Tank  
  88  8:51  Marine  
  88  8:52  Marine  
  90  8:58  Barracks Reactor  
  90  8:59  Viking  
  92  9:04  Viking, Marine  
  92  9:09  Marine  
  94  9:12  Marine  
  94  9:16  SCV  
  95  9:18  Siege Tank, SCV  
  95  9:22  Marine  
  100  9:24  Terran Infantry Armor Level 1  
  100  9:27  Marine  
  100  9:36  Marine x2  
  98  9:39  SCV  
  98  9:42  Marine x2  
  98  9:45  Marine  
  98  9:46  Medivac  
  98  9:50  Siege Tank  
  102  9:53  Medivac  
  102  9:56  Marine x2  
  106  10:00  Marine  
  106  10:06  Marine x2  
  109  10:08  Orbital Command  
  104  10:15  Marine x2  
  104  10:16  Medivac  
  104  10:18  Marine  
  109  10:26  Barracks x2  
  109  10:31  Supply Depot  
  109  10:38  Marine  
  110  10:49  Marine x2  
  110  10:50  Marine  
  110  10:52  Marine, Siege Tank, Medivac x2  
  110  10:55  Marine  
  118  11:08  Supply Depot  
  118  11:09  Supply Depot x2  
  118  11:10  Supply Depot  
  118  11:29  Marine x5  
  118  11:31  Engineering Bay  
  118  11:32  Supply Depot x2  
  123  11:33  Refinery  
  123  11:47  Barracks Reactor x2, Marine x4  
  123  11:50  Marine  
  123  11:51  Siege Tank  
  117  12:05  Marine x3  
Show
View Real Time Build Order
Export as new Build Order

Major Terran - Winner!

Build Orders: Reaper Expand 

Get SALT Encoding   

  12  0:00  SCV  
  13  0:12  SCV  
  14  0:17  Supply Depot  
  14  0:24  SCV  
  15  0:29  Refinery  
  15  0:38  SCV  
  16  0:44  Barracks  
  16  0:50  SCV  
  17  1:03  SCV  
  18  1:15  SCV  
  19  1:31  Reaper, Orbital Command  
  20  1:45  Command Center  
  20  1:58  Factory  
  20  2:00  SCV  
  21  2:09  Reaper  
  21  2:12  Supply Depot  
  21  2:15  SCV  
  23  2:22  Refinery  
  23  2:29  SCV  
  23  2:41  Hellion, SCV  
  26  2:44  Starport  
  26  2:53  Barracks Tech Lab, SCV  
  27  2:58  Orbital Command  
  27  3:03  Hellion  
  27  3:05  Marine  
  30  3:12  SCV  
  30  3:24  SCV  
  30  3:32  Starport Tech Lab  
  30  3:34  Marine  
  30  3:37  SCV  
  30  3:40  Hellion  
  34  3:49  SCV  
  34  3:51  SCV  
  34  3:52  Banshee  
  39  3:55  Supply Depot  
  39  4:01  Marine  
  39  4:12  Cloaking Field  
  39  4:21  Barracks Reactor  
  39  4:22  Factory Tech Lab  
  39  4:23  Supply Depot  
  39  4:25  Supply Depot  
  39  4:26  SCV  
  41  4:33  Orbital Command  
  41  4:38  Viking, SCV  
  40  4:50  SCV  
  41  4:58  Marine x2  
  43  5:02  SCV  
  43  5:05  Siege Tank  
  47  5:08  SCV  
  48  5:14  SCV, Raven  
  48  5:17  Marine x2  
  53  5:22  SCV  
  53  5:26  Supply Depot, SCV  
  55  5:34  SCV  
  56  5:35  Marine x2  
  56  5:41  SCV  
  58  5:44  Siege Tank  
  58  5:47  SCV  
  62  5:50  Supply Depot  
  62  5:55  SCV  
  63  5:59  SCV  
  63  6:02  Refinery  
  63  6:03  Refinery  
  64  6:05  Viking  
  64  6:10  Command Center  
  66  6:12  Viking  
  66  6:13  Marine  
  66  6:14  SCV x2  
  71  6:26  SCV x2  
  71  6:28  Barracks  
  71  6:30  Barracks  
  71  6:32  Siege Tank  
  76  6:33  Marine  
  76  6:38  SCV  
  78  6:48  SCV  
  78  6:52  Marine  
  70  6:56  Viking  
  70  6:57  Viking  
  70  7:01  SCV x2  
  72  7:04  Siege Tank  
  72  7:11  Engineering Bay  
  72  7:13  Engineering Bay, SCV x2  
  72  7:14  Marine  
  73  7:21  Barracks Reactor x2  
  73  7:22  Stimpack  
  73  7:24  Barracks x2  
  73  7:25  SCV x2  
  73  7:27  Orbital Command  
  75  7:36  Marine  
  76  7:37  Siege Tank, SCV x2  
  81  7:45  Viking  
  81  7:49  SCV x2  
  81  7:50  Viking  
  87  7:53  SCV  
  87  7:55  Marine  
  89  7:59  Terran Infantry Weapons Level 1  
  89  8:01  Supply Depot, SCV  
  89  8:03  Terran Infantry Armor Level 1  
  89  8:05  Marine  
  91  8:06  Marine  
  91  8:07  Marine  
  91  8:12  Barracks Reactor  
  93  8:13  Barracks Reactor  
  93  8:21  Supply Depot, Marine x2, SCV x3  
  93  8:23  Supply Depot, Marine  
  99  8:27  Viking  
  99  8:29  Viking  
  99  8:34  Marine, SCV x3  
  106  8:36  Marine  
  106  8:39  Marine  
  109  8:42  Marine x2  
  109  8:46  SCV x3  
  114  8:49  Supply Depot x2  
  114  8:50  Marine x4  
  114  8:52  Marine  
  118  8:57  Marine x2  
  118  8:58  SCV x2  
  118  9:00  Marine, Factory  
  118  9:02  Medivac  
  125  9:08  SCV  
  125  9:10  Medivac, SCV  
  125  9:15  Armory  
  125  9:16  Supply Depot x2  
  128  9:19  Refinery  
  128  9:20  Sensor Tower  
  128  9:21  Marine, Refinery  
  128  9:23  Marine  
  130  9:30  Marine x3  
  131  9:32  Marine x2  
  131  9:34  Marine  
  131  9:35  SCV x2  
  132  9:41  Viking x2  
  132  9:42  Marine x2  
  132  9:44  Factory Tech Lab  
  128  9:48  Marine x2  
  128  9:52  Marine x2  
  125  9:54  Marine  
  125  9:55  Marine x2  
  125  9:59  Marine x2  
  124  10:04  Thor  
  124  10:05  Siege Tank  
  133  10:10  Marine  
  133  10:11  Marine x3  
  133  10:13  Marine x2  
  134  10:16  Medivac  
  134  10:19  Medivac  
  134  10:21  Marine x2  
  140  10:22  Combat Shields  
  140  10:25  Marine  
  141  10:28  Marine x2  
  141  10:29  Marine  
  141  10:32  SCV x2  
  145  10:39  Marine  
  145  10:40  Supply Depot x2  
  146  10:45  Marine x2  
  146  10:46  Marine x3  
  146  10:49  Marine x2  
  147  10:51  Marine  
  148  10:57  Marine  
  148  10:59  Siege Tank  
  148  11:03  Medivac, Marine x3  
  157  11:05  Medivac  
  157  11:08  Marine x2  
  157  11:10  Marine  
  159  11:14  Siege Tank  
  159  11:17  Marine  
  159  11:18  Marine  
  164  11:22  Marine  
  164  11:23  Marine  
  164  11:25  Marine x2  
  162  11:26  Marine  
  162  11:33  Medivac  
  162  11:35  Medivac  
  162  11:36  Marine x3  
  169  11:40  Marine x3  
  169  11:44  Marine  
  173  11:55  Marine  
  173  11:56  Marine  
  173  11:57  Marine x2  
  173  11:59  Marine x2  
  156  12:03  Marine x2  
  156  12:07  Marine  
Tags
 
Add a new tag
Caveats
  • Supply blocks, unpowered buildings, or Contaminate may cause inaccurate times.
  • Supply counts are checked every 10 seconds.